 Dungeon Crawl Stone Soup version 0.26-a0-291-g3d11bbfad5 (webtiles) character file.

Game seed: 2456205230608855287

317 BritishOli the Skirmisher (level 6, -1/49 HPs)
             Began as a Demonspawn Fighter on July 14, 2020.
             Was an Initiate of Okawaru.
             Slain by an orc priest
             ... wielding a +2 trident of distortion
              (6 damage)
             ... on level 6 of the Dungeon.
             The game lasted 00:08:35 (6072 turns).

BritishOli the Skirmisher (Demonspawn Fighter)      Turns: 6072, Time: 00:08:35

Health: -1/49      AC: 10    Str: 18    XL:     6   Next: 20%
Magic:  15/15      EV:  5    Int: 10    God:    Okawaru [......]
Gold:   247        SH:  9    Dex: 12    Spells: 5/5 levels left

rFire    . . .     SeeInvis +   a - +0 long sword
rCold    . . .     Faith    +   c - +0 kite shield
rNeg     . . .     Spirit   .   A - +0 chain mail (curse)
rPois    .         Reflect  .   (helmet restricted)
rElec    .         Harm     .   (no cloak)
rCorr    .                      (no gloves)
MR       .....                  i - +0 pair of boots
Stlth    ..........             f - amulet of faith
HPRegen  1.16/turn              s - ring of magical power
MPRegen  0.14/turn              y - ring of see invisible

@: flying, slowed, very slow
A: antennae 1, demonic guardian 1, powered by death 1
a: Renounce Religion


You were on level 6 of the Dungeon.
You worshipped Okawaru.
Okawaru was noncommittal.
You visited 2 branches of the dungeon, and saw 7 of its levels.

You collected 247 gold pieces.

Inventory:

Hand Weapons
 a - a +0 long sword (weapon)
Armour
 b - a +0 scale mail
 c - a +0 kite shield (worn)
 i - a +0 pair of boots (worn)
 A - a cursed +0 chain mail (worn)
Jewellery
 f - an amulet of faith (around neck)
 s - a ring of magical power (left hand)
 y - a ring of see invisible (right hand)
Wands
 t - a wand of polymorph (7)
 D - a wand of iceblast (9)
Scrolls
 e - 3 scrolls of fog {unknown}
 h - 2 scrolls of identify {unknown}
 j - 2 scrolls of enchant armour {unknown}
 k - 5 scrolls of remove curse {unknown}
 l - 2 scrolls of immolation {unknown}
 o - 3 scrolls of enchant weapon {unknown}
 p - 7 scrolls of teleportation {unknown}
 r - 3 scrolls of fear {unknown}
 u - a scroll of blinking {unknown}
 z - a scroll of amnesia {unknown}
Potions
 d - 3 potions of might
 g - a potion of ambrosia {unknown}
 m - a potion of heal wounds {unknown}
 n - 3 potions of curing {unknown}
 q - 3 potions of flight
 v - a potion of magic {unknown}
 w - a potion of invisibility {unknown}
 x - 2 potions of haste {unknown}
 B - a potion of mutation {unknown}
 C - a potion of lignification {unknown}
 E - a potion of berserk rage {unknown}


   Skills:
 + Level 4.3 Fighting
 + Level 3.3 Long Blades
 + Level 3.9 Armour
 + Level 3.9 Shields


You had 5 spell levels left.
You didn't know any spells.
Your spell library was empty.

Dungeon Overview and Level Annotations

Branches:
Dungeon (6/15)             Temple (1/1) D:6

Altars:
Ashenzari
Cheibriados
Dithmenos
Elyvilon
Fedhas
Gozag
Kikubaaqudgha
Makhleb
Okawaru
Sif Muna
Trog
Uskayaw
Yredelemnul
Zin
The Shining One

Annotations:
D:5 Prince Ribbit, Sigmund


Innate Abilities, Weirdness & Mutations

You have a pair of small antennae on your head.
A weak demonic guardian rushes to your aid.
You regenerate a little health from kills.


Message History

The orc priest hits you with a +2 trident of distortion.
* * * LOW HITPOINT WARNING * * *
Space bends around you.
* * * LOW HITPOINT WARNING * * *
Your ufetubus closely misses the orc wizard.
Your ufetubus barely misses the orc wizard.
The orc wizard points at you and mumbles some strange words.
The magic dart hits you.
* * * LOW HITPOINT WARNING * * *
Your ufetubus closely misses the orc wizard.
Your ufetubus completely misses the orc wizard.
It was a potion of flight.
You feel very buoyant.
You fly up into the air.
You block the orc wizard's attack.
Your ufetubus hits the orc wizard. x2
The orc wizard dies!
Okawaru accepts your kill.
The orc priest hits you but does no damage.
Space bends around you.
You die...

....##.#รท...#.##....#
....#.#.#..#.#.#....#
.....#.##..##.#.....#
......##....##......#
....................#
....................#
......##....##.5....#
....#.##..##.#o)...#
..#.#[#..#o#.#@...# ..
#.#...(#o##....#
##.....o##.#...#
........o.#.#..#
......)....# ..#
.............#.#
.............!.#
.####.#.#####..### #.
#.....oo..##


You could see an orc priest and a friendly ufetubus (summoned).

Vanquished Creatures
  A bullfrog zombie (D:5)
  An iguana (D:5)
  6 adders
  An ooze (D:2)
  An adder skeleton (D:4)
  7 dart slugs
  3 leopard geckos
  4 orcs
  7 giant cockroaches
  9 goblins
  7 hobgoblins
  3 ball pythons
  6 bats
  3 frilled lizards
  9 kobolds
  9 rats
77 creatures vanquished.

Vanquished Creatures (collateral kills)
  An ice beast (D:4)
  A howler monkey (D:5)
  An orc wizard (D:6)
  A worker ant (D:5)
  2 orcs (D:6)
  A giant cockroach (D:5)
7 creatures vanquished.

Grand Total: 84 creatures vanquished

Notes
Turn   | Place    | Note
-------+----------+-------------------------------------------
     0 | D:1      | BritishOli the Demonspawn Fighter began the quest for the
                  | Orb.
     0 | D:1      | Reached XP level 1. HP: 18/18 MP: 1/1
   259 | D:1      | Gained mutation: You have a pair of small antennae on your
                  | head. [demonic ancestry]
   259 | D:1      | Reached XP level 2. HP: 20/24 MP: 2/2
   793 | D:1      | Reached XP level 3. HP: 28/29 MP: 3/3
  2424 | D:3      | Gained mutation: A weak demonic guardian rushes to your
                  | aid. [demonic ancestry]
  2424 | D:3      | Reached XP level 4. HP: 33/35 MP: 4/4
  4245 | D:5      | Entered Level 5 of the Dungeon
  4247 | D:5      | Found a shadowy altar of Dithmenos.
  4250 | D:5      | Gained mutation: You regenerate a little health from kills.
                  | [demonic ancestry]
  4250 | D:5      | Reached XP level 5. HP: 42/42 MP: 5/5
  4259 | D:5      | Noticed Prince Ribbit
  4460 | D:5      | Reached skill level 4 in Fighting
  4835 | D:5      | Noticed an ice beast
  4866 | D:5      | Noticed Sigmund
  4928 | D:4      | Killed an ice beast
  4928 | D:4      | Reached XP level 6. HP: 48/48 MP: 6/6
  5876 | D:6      | Found a staircase to the Ecumenical Temple.
  5883 | Temple   | Entered the Ecumenical Temple
  5951 | Temple   | Became a worshipper of Warmaster Okawaru
  6072 | D:6      | Slain by an orc priest

Illustrated notes

Levels and vault maps discovered:
D:1:      minmay_arrival_stone_box, layout_basic
D:2:      layout_basic
D:3:      wander_river, layout_basic, chequers_avenue
D:4:      layout_loops_ring
D:5:      layout_rooms, minmay_misc_feat_tiny, nicolae_dithmenos_the_darkroom,
          uniq_sigmund, uniq_prince_ribbit1
D:6:      layout_cave_pods, lemuel_crystal_altar,
          minmay_temple_entry_sparse_star, minmay_misc_feat_secret_circle
Temple:   eino_temple_lava

Skill      XL: |  1  2  3  4  5 |
---------------+----------------+-----
Long Blades    | 2 3 |  3.3
Shields        | 3 |  3.9
Armour         | 3 |  3.9
Fighting       | 4 |  4.3

Action                   |  1- 3 |  4- 6 || total
-------------------------+-------+-------++-------
Melee: Long sword        |   153 |   159 ||   312
  Use: Potion            |       |     1 ||     1
 Stab: Distracted        |       |     1 ||     1
Armor: Scale mail        |    73 |    41 ||   114
       Chain mail        |       |    38 ||    38
Dodge: Dodged            |    37 |    55 ||    92
Block: Kite shield       |    93 |    99 ||   192
       Rpst.: Long sword |    11 |    20 ||    31

Table legend:
 A = Non-vault XP
 B = Vault XP
 C = Vault XP percentage of total XP
 D = Non-vault monster count
 E = Vault monster count
 F = Vault count percentage of total count
                 A         B        C        D         E       F
            +---------+---------+-------+---------+---------+-------
      Total |     454 |       0 |   0.0 |      84 |       0 |   0.0
            +---------+---------+-------+---------+---------+-------
        D:1 |      44 |       0 |   0.0 |      25 |       0 |   0.0
        D:2 |      50 |       0 |   0.0 |      19 |       0 |   0.0
        D:3 |      85 |       0 |   0.0 |      21 |       0 |   0.0
        D:4 |      77 |       0 |   0.0 |       4 |       0 |   0.0
        D:5 |     151 |       0 |   0.0 |       8 |       0 |   0.0
        D:6 |      47 |       0 |   0.0 |       7 |       0 |   0.0
            +---------+---------+-------+---------+---------+-------
